 Dungeon Crawl Stone Soup version 0.29-a0-330-g52719c12eb (webtiles) character file.

Game seed: 13594227685441478683

1722 xxxOstryKnur69xxx the Skirmisher (level 8, -9/64 HPs)
             Began as a Demonspawn Abyssal Knight on Apr 15, 2022.
             Was an Elder of Lugonu.
             Mangled by Edmund
             ... wielding a +7 dire flail of holy wrath
              (23 damage)
             ... on level 6 of the Dungeon.
             The game lasted 00:29:53 (6439 turns).

xxxOstryKnur69xxx the Skirmisher (DsAK)             Turns: 6439, Time: 00:29:54

Health: -9/64      AC:  6    Str: 17    XL:     8   Next: 75%
Magic:  10/10      EV: 13    Int: 11    God:    Lugonu [****..]
Gold:   324        SH:  0    Dex: 13    Spells: 7/7 levels left

rFire   + . .      SeeInvis .   g - +2 dagger (venom)
rCold   + . .      Faith    .   (no shield)
rNeg    . . .      Spirit   .   b - +0 leather armour
rPois   .          Reflect  .   (no helmet)
rElec   .          Harm     .   k - +0 cloak
rCorr   .          Rampage  .   y - +0 pair of gloves
Will    .....                   (no boots)
Stlth   ++........              (no amulet)
HPRegen 0.20/turn               p - ring of protection from cold
MPRegen 0.12/turn               s - ring of protection from fire

@: no status effects
A: powered by death 2, spiny 1, demonic touch 1
a: Renounce Religion, Depart the Abyss, Bend Space, Banish, Corrupt


You were on level 6 of the Dungeon.
You worshipped Lugonu.
Lugonu was greatly pleased with you.
You visited 2 branches of the dungeon, and saw 7 of its levels.
You visited the Abyss 1 time.

You collected 324 gold pieces.

Inventory:

Hand Weapons
 a - a +1 short sword
 g - a +2 dagger of venom (weapon)
Missiles
 m - 4 boomerangs
Armour
 b - a +0 leather armour (worn)
 k - a +0 cloak (worn)
 y - a +0 pair of gloves (worn)
Jewellery
 p - a ring of protection from cold (left hand)
 s - a ring of protection from fire (right hand)
Wands
 v - a wand of flame (18)
 C - a wand of acid (3)
Scrolls
 c - 2 scrolls of noise {unknown}
 e - 4 scrolls of blinking {unknown}
 f - 2 scrolls of summoning {unknown}
 i - a scroll of fog {unknown}
 j - 5 scrolls of identify {unknown}
 q - a scroll of teleportation {unknown}
 r - a scroll of holy word {unknown}
 t - a scroll of immolation {unknown}
 x - a scroll of magic mapping {unknown}
Potions
 d - a potion of brilliance {unknown}
 h - a potion of lignification {unknown}
 l - a potion of attraction {unknown}
 n - 2 potions of flight {unknown}
 o - 4 potions of mutation {unknown}
 u - a potion of might {unknown}
 w - a potion of degeneration {unknown}
 z - a potion of heal wounds {unknown}
 A - a potion of haste {unknown}
 B - a potion of magic {unknown}


   Skills:
 + Level 6.3 Fighting
 + Level 6.2 Short Blades
 + Level 4.9 Armour
 + Level 4.0 Dodging
 + Level 1.8 Stealth
 + Level 2.8 Invocations


You had 7 spell levels left.
You didn't know any spells.
Your spell library contained the following spells:

 Spells                   Type           Power      Damage    Failure   Level
 Corpse Rot               Necr/Air       0%         N/A       54%         2
 Ensorcelled Hibernation  Hex/Ice        0%         N/A       54%         2
 Poisonous Vapours        Pois/Air       0%         N/A       54%         2
 Portal Projectile        Hex/Tloc       0%         N/A       77%         3
 Spider Form              Tmut/Pois      0%         N/A       77%         3
 Stone Arrow              Conj/Erth      0%         3d7       77%         3
 Anguish                  Hex/Necr       0%         N/A       99%         4
 Animate Armour           Summ/Erth      0%         N/A       99%         4
 Blade Hands              Tmut           0%         N/A       100%        5
 Excruciating Wounds      Necr           0%         N/A       100%        5
 Lehudib's Crystal Spear  Conj/Erth      0%         10d2      100%        8


Dungeon Overview and Level Annotations

Branches:
Dungeon (6/15)             Temple (1/1) D:5

Altars:
Cheibriados
Dithmenos
Fedhas
Gozag
Hepliaklqana
Kikubaaqudgha
Makhleb
Nemelex Xobeh
Okawaru
Qazlal
Ru
Sif Muna
Trog
Uskayaw
Vehumet
Wu Jian
Xom
Yredelemnul
Zin
The Shining One

Shops:
D:2 [

Annotations:
D:6 Edmund


Innate Abilities, Weirdness & Mutations

You regenerate health from kills.
You are partially covered in sharp spines.
Your touch may inflict minor irresistible damage on your foes.


Message History

You kill the white imp!
Lugonu accepts your kill. The ufetubus is struck by your spines.
The ufetubus barely misses you. The ufetubus completely misses you.
You hit the ufetubus but do no damage.
The ufetubus is poisoned.
You touch the ufetubus.
You kill the ufetubus!
Lugonu accepts your kill.
You now have 282 gold pieces (gained 15).
You now have 291 gold pieces (gained 9).
You now have 301 gold pieces (gained 10).
You now have 315 gold pieces (gained 14).
You now have 324 gold pieces (gained 9).
You open the door.
There is an open door here.
You open the door.
Found a rapier and a scroll labelled HYASEH MOUXZYLL.
Found a stone staircase leading down.
Edmund the Younger comes into view.
He is wielding a +7 dire flail of holy wrath.
There is a stone staircase leading down here.
Edmund shouts!
Edmund hits you with a +7 dire flail of holy wrath!
You convulse.
You hit Edmund but do no damage.
Edmund is poisoned.
Edmund asks, "Have you met my wondrous brother?"
Edmund is struck by your spines.
Edmund hits you with a +7 dire flail of holy wrath!
You convulse.
You closely miss Edmund.
Edmund is lightly wounded.
You hit Edmund.
Edmund looks even sicker.
Edmund is lightly wounded.
Edmund hits you with a +7 dire flail of holy wrath.
You convulse.
You hit Edmund but do no damage.
Edmund is lightly wounded.
Edmund hits you with a +7 dire flail of holy wrath!!
* * * LOW HITPOINT WARNING * * *
You convulse!!
You die...

..###..........###.#
.....))............#
................####
..###)##'########## ####.
..###.##.###..###.##.....
.......................#
................>.....#
###..###.######..##..#..
#..# #'# #@.# # .....
.......@.^.# ...
)...........# ...
.............#
..............#
#####?.##..##### #..#####


You could see Edmund (very poisoned).

Vanquished Creatures
  Sigmund (D:4)
  A water moccasin (D:5)
  An acid dragon (D:6)
  An ogre (D:5)
  A phantom (D:4)
  A kobold brigand (D:6)
  2 scorpions
  A necrophage (D:6)
  4 hounds
  3 orc priests (D:5)
  4 gnoll shamans
  Jessica (D:2)
  2 orc wizards
  2 iguanas
  Natasha (thrice) (D:2)
  Robin (D:3)
  21 gnolls
  9 adders
  A white imp (D:6)
  2 ufetubi
  A worm (D:2)
  4 dart slugs
  13 orcs
  5 endoplasms
  2 giant cockroaches (D:1)
  19 goblins
  8 hobgoblins
  5 quokkas
  8 ball pythons
  4 bats
  3 frilled lizards
  7 kobolds
  6 rats
147 creatures vanquished.

Vanquished Creatures (others)
  15 plants (D:6)
15 creatures vanquished.

Grand Total: 162 creatures vanquished

Notes
Turn   | Place    | Note
-------+----------+-------------------------------------------
     0 | Abyss:1  | xxxOstryKnur69xxx the Demonspawn Abyssal Knight began the
                  | quest for the Orb.
     0 | Abyss:1  | Reached XP level 1. HP: 18/18 MP: 2/2
     0 | D:1      | Escaped the Abyss
    84 | D:1      | Reached ** piety under Lugonu
   331 | D:1      | Gained mutation: You are partially covered in sharp spines.
                  | [demonic ancestry]
   331 | D:1      | Reached XP level 2. HP: 24/24 MP: 3/3
   353 | D:2      | Noticed Natasha
   355 | D:2      | Noticed a crimson imp
   538 | D:1      | Reached skill level 1 in Dodging
   866 | D:1      | Gained mutation: Your touch may inflict minor irresistible
                  | damage on your foes. [demonic ancestry]
   866 | D:1      | Reached XP level 3. HP: 29/29 MP: 5/5
  1157 | D:2      | Noticed Jessica
  1161 | D:2      | Killed Jessica
  1162 | D:2      | Reached XP level 4. HP: 37/37 MP: 6/6
  1222 | D:2      | Killed Natasha
  1445 | D:2      | Reached *** piety under Lugonu
  1452 | D:2      | Noticed Natasha
  1462 | D:2      | Killed Natasha
  1463 | D:2      | Gained mutation: You regenerate a little health from kills.
                  | [demonic ancestry]
  1463 | D:2      | Reached XP level 5. HP: 42/42 MP: 7/7
  1639 | D:2      | Noticed Natasha
  1647 | D:2      | Killed Natasha
  1706 | D:2      | Found Nubem's Armour Emporium.
  2356 | D:3      | Found a faded altar of an unknown god.
  2359 | D:3      | Found a hazy altar of Hepliaklqana.
  2590 | D:3      | Found a faded altar of an unknown god.
  2649 | D:4      | Gained mutation: You regenerate health from kills. [demonic
                  | ancestry]
  2649 | D:4      | Reached XP level 6. HP: 49/49 MP: 8/8
  2771 | D:3      | Noticed Robin
  2799 | D:3      | Killed Robin
  2806 | D:3      | Found a hide-covered altar of Uskayaw.
  3473 | D:5      | Entered Level 5 of the Dungeon
  3863 | D:4      | Noticed Sigmund
  3876 | D:4      | Killed Sigmund
  3876 | D:4      | Reached **** piety under Lugonu
  3877 | D:4      | Reached skill level 1 in Stealth
  3877 | D:4      | Reached XP level 7. HP: 15/55 MP: 9/9
  4151 | D:4      | Identified the +10 mace "Mismituo" {vamp, rPois Str-4 Int+3
                  | SInv}
  4181 | D:4      | Reached skill level 5 in Fighting
  4589 | D:5      | Reached skill level 5 in Short Blades
  4702 | D:5      | HP: 2/56 [gnoll/+0 spear (3)]
  4947 | D:5      | Reached XP level 8. HP: 53/63 MP: 10/10
  5477 | D:5      | Found a staircase to the Ecumenical Temple.
  5501 | Temple   | Entered the Ecumenical Temple
  6352 | D:6      | Found a shimmering altar of Xom.
  6352 | D:6      | Found a sacrificial altar of Ru.
  6433 | D:6      | Noticed Edmund
  6439 | D:6      | Mangled by Edmund

Illustrated notes

Levels and vault maps discovered:
D:1:      dpeg_arrival_arbitrary_a, layout_basic, serial_glass, glass_columns_a,
          glass_columns_a, minmay_strange_pillars, minmay_strange_pillars,
          feat_on_display, feat_on_display, serial_bayou_pond_e, nrook_uturn
D:2:      layout_basic, serial_shops, shop, uniq_natasha, uniq_jessica
D:3:      layout_loops_cross, nicolae_overflow_ecumenical_swirl,
          mainiacjoe_overflow_boulevard, nicolae_ecumenical_snake_handling,
          columned_hall_lemuel, uniq_robin
D:4:      layout_basic, minmay_misc_feat_chi, uniq_sigmund
D:5:      layout_basic, minmay_temple_entry_wispy
D:6:      kennysheep_housing_project, layout_gridville, jmf_multi_god_temple,
          uniq_edmund
Temple:   eino_temple_rhombus

Skill      XL: |  1  2  3  4  5  6  7  8 |
---------------+-------------------------+-----
Dodging        | 1 2 3 4 |  4.0
Armour         | 2 3 4 |  4.9
Short Blades   | 2 3 4 5 6 |  6.2
Fighting       | 4 5 6 |  6.3
Stealth        | 1 |  1.8
Invocations    | |  2.8

Action                   |  1- 3 |  4- 6 |  7- 9 || total
-------------------------+-------+-------+-------++-------
Melee: Short sword       |    23 |       |       ||    23
       Dagger            |    52 |   140 |   165 ||   357
       Touch             |     5 |    22 |    40 ||    67
       Punch             |       |     1 |     2 ||     3
Invok: Depart the Abyss  |     1 |       |       ||     1
       Bend Space        |       |     1 |       ||     1
  Use: Potion            |       |       |     4 ||     4
 Stab: Sleeping          |       |     1 |       ||     1
Armor: Leather armour    |    19 |    19 |    25 ||    63
Dodge: Dodged            |    34 |    61 |    85 ||   180

Table legend: (Time is in decaauts)
 A = Elapsed time spent in this place.
 B = Non-inter-level travel time spent in this place.
 C = Inter-level travel time spent in this place.
 D = Time resting spent in this place.
 E = Time spent auto-exploring this place.
 F = Levels seen in this place.
 G = Mean time per level.
                   A        B        C        D        E       F      G
               +--------+--------+--------+--------+--------+-----+--------+
         Total |   6375 |   6375 |      0 |   2426 |      0 |   8 |  796.9 |
       Dungeon |   6251 |   6251 |      0 |   2426 |      0 |   6 | 1041.8 |
        Temple |    123 |    123 |      0 |      0 |      0 |   1 |  123.0 |
         Abyss |      0 |      0 |      0 |      0 |      0 |   1 |    0.0 |
               +--------+--------+--------+--------+--------+-----+--------+

Top non-repeatable levels by time:
     D:5: 1572 daAuts
     D:2: 1221 daAuts
     D:3: 1109 daAuts
     D:1: 988 daAuts
     D:4: 930 daAuts
     D:6: 428 daAuts
  Temple: 123 daAuts
